 Dungeon Crawl Stone Soup version 0.28.0-1-gb440e238dd (webtiles) character file.

Game seed: 16833080176864829533

904 browni3141 the Conjurer (level 7, -3/59 HPs)
             Began as a Demigod Conjurer on Feb 20, 2022.
             Slain by a gnoll (7 damage)
             ... on level 5 of the Dungeon.
             The game lasted 00:10:03 (5514 turns).

browni3141 the Conjurer (Demigod Conjurer)          Turns: 5514, Time: 00:10:04

Health: -3/59      AC:  6    Str: 12    XL:     7   Next: 50%
Magic:  12/25      EV:  5    Int: 24    God:
Gold:   156        SH:  0    Dex: 12    Spells: 8/14 levels left

rFire   . . .      SeeInvis .   s - +2 dagger (venom)
rCold   . . .      Faith    .   (no shield)
rNeg    . . .      Spirit   .   m - +0 scale mail
rPois   .          Reflect  .   (no helmet)
rElec   .          Harm     .   (no cloak)
rCorr   .          Rampage  .   (no gloves)
Will    .....                   (no boots)
Stlth   +.........              (no amulet)
HPRegen 0.19/turn               Z - ring of wizardry
MPRegen 0.19/turn               W - ring of magical power

@: held
A: high MP 1, forlorn, divine attributes
a: no special abilities


You were on level 5 of the Dungeon.
You visited 1 branch of the dungeon, and saw 5 of its levels.

You collected 156 gold pieces.


Innate Abilities, Weirdness & Mutations

You have an increased reservoir of magic. (+10% MP)
You shall have no god before yourself.
Your divine heritage dramatically boosts your attributes as you level up.


   Skills:
 - Level 4.0 Fighting
 + Level 1.2 Armour
 + Level 2.3 Dodging
 - Level 3.0 Stealth
 - Level 4.0 Spellcasting
 - Level 5.0 Conjurations
 - Level 2.0 Hexes
 - Level 2.0 Ice Magic


You had 8 spell levels left.
You knew the following spells:

 Your Spells              Type           Power      Damage    Failure   Level
d - Dazzling Flash        Conj/Hex       42%        N/A       16%         3
s - Searing Ray           Conj           56%        2d6       4%          2
z - Magic Dart            Conj           100%       1d8       2%          1

Your spell library contained the following spells:

 Spells                   Type           Power      Damage    Failure   Level
 Fulminant Prism          Conj/Hex       10%        3d9       43%         4
 Iskenderun's Mystic Bla  Conj/Tloc      16%        2d5       56%         4
 Olgreb's Toxic Radiance  Pois           4%         N/A       87%         4
 Ozocubu's Refrigeration  Ice            7%         4d6       100%        7
 Ignition                 Fire           2%         3d3       100%        8

Inventory:

Hand Weapons
 b - a +0 dagger
 d - a +3 dagger of draining
 s - a +2 dagger of venom (weapon)
Missiles
 j - 3 boomerangs
Armour
 a - a +0 robe
 i - a +0 leather armour
 m - a +0 scale mail (worn)
Magical Staves
 q - a staff of cold
Jewellery
 W - a ring of magical power (right hand)
 Z - a ring of wizardry (left hand)
Scrolls
 f - a scroll of acquirement {unknown}
 g - 5 scrolls of identify {unknown}
 k - a scroll of immolation {unknown}
 l - a scroll of magic mapping {unknown}
 o - a scroll of enchant armour {unknown}
 p - a scroll of fog {unknown}
 r - a scroll of blinking {unknown}
 t - a scroll of amnesia {unknown}
 u - a scroll of torment {unknown}
Potions
 c - 3 potions of brilliance {unknown}
 e - a potion of degeneration {unknown}
 h - a potion of invisibility {unknown}
 n - 2 potions of curing {unknown}

Dungeon Overview and Level Annotations

Branches:
Dungeon (5/15)
 Temple: D:4-7

Annotations:
D:5 Ijyb

#.##.# ######
#.##.####>....
####.........##
#.[)..)..<)...#
#.###########.#
#)# #.# #g# #Z#
#g# #g# #Z# #@#
... #.# #.# #.#
..# #.# ### ..#
###


You could see a gnoll and an adder zombie.


Message History

Here: a gnoll, wielding a +2 whip of electrocution and quivering a throwing net The floor.
Casting: Magic Dart (safe; 2% risk of failure)
Confirm with . or Enter, or press ? or * to list all spells.
Casting: Dazzling Flash (dangerous; 16% risk of failure)
Press: ? - help, Dir - look around, f - activate The gnoll hits you with a +2 whip of electrocution.
* * * LOW HITPOINT WARNING * * *
Casting: Dazzling Flash (dangerous; 16% risk of failure)
Confirm with . or Enter, or press ? or * to list all spells.
Aiming: Searing Ray (safe; 4% risk of failure)
Press: ? - help, Shift-Dir - straight line, f - gnoll
Aim: a gnoll, wielding a +2 whip of electrocution and quivering a throwing net (82% to hit)
The searing ray misses the gnoll. (Press . to maintain the ray.)
The adder zombie bites you.
* * * LOW HITPOINT WARNING * * *
The gnoll hits you but does no damage.
You are electrocuted!!
* * * LOW HITPOINT WARNING * * *
The adder zombie bites you but does no damage.
Unknown command.
Things that are here:
a +0 giant club; an adder corpse; an ogre corpse The gnoll throws a throwing net.
The throwing net hits you.
You become entangled in the net!
You see here a throwing net.
You struggle against the net.
You struggle against the net.
The gnoll hits you with a +2 whip of electrocution!
You die...

Skill      XL: |  1  2  3  4  5  6  7 |
---------------+----------------------+-----
Conjurations   | 4 5 |  5.0
Fighting       | 1 2 3 4 |  4.0
Spellcasting   | 2 3 4 |  4.0
Stealth        | 3 |  3.0
Hexes          | 1 2 |  2.0
Ice Magic      | 2 |  2.0
Armour         | 1 |  1.2
Dodging        | 2 |  2.3

Action                   |  1- 3 |  4- 6 |  7- 9 || total
-------------------------+-------+-------+-------++-------
Melee: Unarmed           |    22 |       |       ||    22
       Punch             |     1 |     1 |       ||     2
       Dagger            |    56 |    80 |    24 ||   160
 Cast: Magic Dart        |    67 |    40 |    14 ||   121
       Searing Ray       |     1 |     6 |     1 ||     8
       Dazzling Flash    |       |     7 |     3 ||    10
 Stab: Sleeping          |     3 |     3 |       ||     6
       Invisible         |       |     1 |     2 ||     3
Armor: Robe              |    13 |       |       ||    13
       Leather armour    |    18 |    10 |       ||    28
       Scale mail        |       |    27 |    10 ||    37
Dodge: Dodged            |    84 |    59 |    12 ||   155

Levels and vault maps discovered:
D:1:      dpeg_arrival_subterranean_lakeside_camping, layout_loops_ring
D:2:      minmay_roachtagon, layout_rooms, minmay_strange_pillars
D:3:      layout_basic, chequers_ecumenical_altar_twisty, uniq_natasha
D:4:      layout_basic, mainiacjoe_overflow_24_doors
D:5:      layout_loops_ring, uniq_eustachio, uniq_grinder, uniq_ijyb

Notes
Turn   | Place    | Note
-------+----------+-------------------------------------------
     0 | D:1      | browni3141 the Demigod Conjurer began the quest for the
                  | Orb.
     0 | D:1      | Reached XP level 1. HP: 14/14 MP: 5/5
   164 | D:1      | Reached skill level 4 in Conjurations
   210 | D:1      | Reached XP level 2. HP: 12/22 MP: 1/7
   362 | D:1      | Reached skill level 1 in Fighting
   365 | D:1      | Learned a level 2 spell: Searing Ray
   733 | D:1      | Reached skill level 2 in Spellcasting
  1538 | D:2      | Reached XP level 3. HP: 29/29 MP: 3/8
  1667 | D:2      | Reached skill level 2 in Fighting
  1671 | D:2      | Learned a level 3 spell: Dazzling Flash
  2611 | D:3      | Reached XP level 4. HP: 36/36 MP: 11/11
  2624 | D:3      | Noticed Natasha
  2629 | D:3      | Killed Natasha
  2630 | D:3      | Reached skill level 3 in Spellcasting
  2630 | D:3      | Reached skill level 2 in Stealth
  3030 | D:3      | Noticed Natasha
  3035 | D:3      | Killed Natasha
  3036 | D:3      | Reached skill level 3 in Stealth
  3405 | D:3      | Noticed Natasha
  3413 | D:3      | Killed Natasha
  3414 | D:3      | Reached XP level 5. HP: 40/41 MP: 6/12
  3820 | D:4      | Reached skill level 1 in Hexes
  4056 | D:4      | Noticed an ogre
  4178 | D:4      | Reached XP level 6. HP: 37/50 MP: 10/14
  4349 | D:4      | Reached skill level 3 in Fighting
  4424 | D:4      | Reached skill level 2 in Hexes
  4971 | D:5      | Entered Level 5 of the Dungeon
  4989 | D:5      | Noticed Ijyb
  5042 | D:5      | Noticed Eustachio
  5165 | D:5      | Killed Eustachio
  5166 | D:5      | Reached skill level 4 in Spellcasting
  5166 | D:5      | Reached skill level 5 in Conjurations
  5166 | D:5      | Reached XP level 7. HP: 19/58 MP: 16/16
  5379 | D:5      | Reached skill level 4 in Fighting
  5429 | D:5      | Reached skill level 1 in Ice Magic
  5474 | D:5      | Reached skill level 2 in Ice Magic
  5486 | D:5      | Reached skill level 1 in Armour
  5486 | D:5      | Reached skill level 2 in Dodging
  5504 | D:5      | HP: 3/59 [gnoll (19)]
  5514 | D:5      | Slain by a gnoll

Vanquished Creatures
  Eustachio (D:5)
  2 ogres
  A phantom (D:4)
  A gnoll sergeant (D:5)
  A howler monkey (D:4)
  3 hounds (D:4)
  A bullfrog skeleton (D:5)
  Natasha (thrice) (D:3)
  2 orc wizards
  A hound skeleton (D:4)
  4 gnolls (D:5)
  5 adders
  3 worms
  4 dart slugs
  3 orcs (D:4)
  2 ball pythons
  5 bats
  7 endoplasms
  15 giant cockroaches
  7 goblins
  3 hobgoblins
  2 jackals (D:1)
  4 kobolds
  2 quokkas
  5 frilled lizards
  4 rats
91 creatures vanquished.

Table legend: (Time is in decaauts)
 A = Elapsed time spent in this place.
 B = Non-inter-level travel time spent in this place.
 C = Inter-level travel time spent in this place.
 D = Time resting spent in this place.
 E = Time spent auto-exploring this place.
 F = Levels seen in this place.
 G = Mean time per level.
                   A        B        C        D        E       F      G
               +--------+--------+--------+--------+--------+-----+--------+
         Total |   5519 |   5280 |    239 |    638 |   3800 |   5 | 1103.8 |
       Dungeon |   5519 |   5280 |    239 |    638 |   3800 |   5 | 1103.8 |
               +--------+--------+--------+--------+--------+-----+--------+

Top non-repeatable levels by time:
     D:4: 1560 daAuts
     D:1: 1537 daAuts
     D:3: 1335 daAuts
     D:2: 888 daAuts
     D:5: 198 daAuts

Table legend:
 A = Non-vault XP
 B = Vault XP
 C = Vault XP percentage of total XP
 D = Non-vault monster count
 E = Vault monster count
 F = Vault count percentage of total count
                 A         B        C        D         E       F
            +---------+---------+-------+---------+---------+-------
      Total |    1039 |     253 |  19.6 |      73 |      18 |  19.8
            +---------+---------+-------+---------+---------+-------
        D:1 |      36 |      10 |  21.7 |      21 |       6 |  22.2
        D:2 |      33 |      20 |  37.7 |      12 |      10 |  45.5
        D:3 |     145 |      35 |  19.4 |      10 |       1 |   9.1
        D:4 |     474 |       0 |   0.0 |      20 |       0 |   0.0
        D:5 |     351 |     188 |  34.9 |      10 |       1 |   9.1
            +---------+---------+-------+---------+---------+-------
